AoeStats
← titanus-3

Arena

509183047Analyzed
3v3 RM · 5d ago on Sep 25, 2026· 75m 18s· 6 players
Game mode
Random Map
Map size
Normal (6 player)
Population
200
Speed
Normal
Resources
Standard
Victory
Conquest
Starting age
Dark Age
Ending age
Imperial Age
RankedLock teamsTeams togetherTeam positionsShared explorationLock speedFull tech treeHidden civsTurbo modeCheats
Victory
Defeat
🇺🇸 Franks · United States
1156
+17
🇳🇱 Danes · Netherlands
1139
+18
🇺🇸 Turks · United States
1125
+18
🇩🇪 Jurchens · Germany
1227
-19
🇩🇪 Italians · Germany
1225
-20
🇩🇪 Vietnamese · Germany
1090
-14
deRoode
12:13 Feudal Age
16:08 Castle Age
14:06 Horse Collar
14:14 Double-Bit Axe
16:59 Loom
17:35 Bow Saw
17:29 Heavy Plow
21:29 Scale Mail Armor
21:23 Pikeman
26:03 Squires
25:51 Gambesons
26:20 Forging
26:27 Chain Mail Armor
26:04 Fletching
30:48 Imperial Age
28:49 Arson
29:45 Iron Casting
29:07 Bodkin Arrow
29:40 Stone Mining
29:40 Gold Mining
29:48 Gold Mining
32:39 Elite Varangian Guard
33:25 Hamask
36:34 Blast Furnace
36:04 Plate Mail Armor
36:47 Conscription
35:49 Elite Jomsviking
38:22 Wheelbarrow
37:33 Town Watch
38:17 Ballistics
44:35 Onager
48:37 Siege Onager
50:27 Hand Cart
50:12 Town Patrol
50:59 Hoardings
49:55 Siege Onager
54:12 Northmen's Fury
56:16 Bracer
56:16 Padded Archer Armor
55:53 Halberdier
60:06 Leather Archer Armor
66:08 Halberdier
Pdude869
10:53 Feudal Age
12:11 Double-Bit Axe
15:24 Castle Age
16:51 Bow Saw
17:50 Forging
22:52 Scale Barding Armor
24:15 Chain Barding Armor
25:12 Light Cavalry
26:35 Iron Casting
26:33 Husbandry
31:15 Wheelbarrow
30:29 Loom
31:44 Gold Mining
33:04 Fletching
35:51 Imperial Age
33:07 Ordonnance Companies
35:43 Bodkin Arrow
35:49 Padded Archer Armor
36:37 Hand Cart
37:22 Leather Archer Armor
38:13 Cranequins
38:14 Heavy Mounted Crossbowman
40:39 Cavalier
42:15 Ballistics
42:55 Chemistry
44:30 Siege Engineers
49:17 Plate Barding Armor
49:53 Blast Furnace
49:21 Masonry
49:02 Town Watch
72:40 Town Patrol
75:20 Architecture
Fart_master
12:48 Feudal Age
16:44 Castle Age
14:35 Double-Bit Axe
14:32 Horse Collar
14:44 Gold Mining
19:19 Padded Archer Armor
21:53 Imperial Age
36:47 Leather Archer Armor
40:50 Ring Archer Armor
40:33 Heavy Plow
43:11 Loom
50:52 Conscription
51:14 Bloodlines
51:04 Husbandry
54:41 Scale Barding Armor
54:47 Forging
64:02 Chain Barding Armor
64:17 Iron Casting
63:33 Fletching
64:22 Hoardings
66:59 Bodkin Arrow
67:40 Plate Barding Armor
68:05 Blast Furnace
titanus-3
5:53 Loom
12:08 Feudal Age
16:43 Castle Age
14:30 Loom
18:50 Double-Bit Axe
18:53 Horse Collar
29:23 Scale Barding Armor
29:35 Padded Archer Armor
29:29 Fletching
30:28 Elite Skirmisher
34:44 Wheelbarrow
36:13 Ballistics
35:18 Crossbowman
36:47 Bodkin Arrow
72:26 Bow Saw
73:57 Heavy Plow
tenshi
10:45 Feudal Age
14:31 Castle Age
12:51 Scale Barding Armor
12:52 Double-Bit Axe
12:50 Horse Collar
19:34 Chain Barding Armor
26:11 Wheelbarrow
27:00 Bloodlines
27:13 Devotion
27:19 Loom
28:42 Forging
29:26 Gold Mining
30:30 Heavy Plow
31:34 Iron Casting
32:09 Husbandry
37:59 Imperial Age
37:07 Hand Cart
38:26 Bow Saw
38:01 Cavalier
39:45 Blast Furnace
39:59 Plate Barding Armor
40:25 Ballistics
41:07 Scale Mail Armor
40:59 Fletching
44:21 Chemistry
43:20 Bodkin Arrow
43:25 Padded Archer Armor
44:02 Fortified Wall
47:13 Masonry
47:13 Bracer
47:59 Light Cavalry
49:48 Conscription
50:01 Hussar
51:44 Silk Road
51:10 Elite Genoese Crossbowman
53:27 Caravan
59:22 Architecture
Antillis
10:01 Feudal Age
15:22 Castle Age
14:11 Double-Bit Axe
14:18 Horse Collar
21:20 Loom
26:33 Pikeman
31:50 Imperial Age
30:30 Forging
30:20 Scale Mail Armor
32:37 Bow Saw
32:58 Halberdier
33:58 Chain Mail Armor
35:23 Wheelbarrow
37:16 Iron Casting
39:38 Heavy Rocket Cart
41:51 Chemistry
40:57 Siege Engineers
44:12 Gold Mining
47:48 Elite Fire Lancer
61:09 Thunderclap Bombs
63:54 Conscription
65:13 Man-at-Arms
65:54 Squires
65:40 Gambesons
66:03 Man-at-Arms
67:13 Elite Iron Pagoda
Connection lost

Rejoining the realm…

Still unreachable

The connection could not be restored.

Session expired

The server has moved on; the page needs a fresh start.